SAAA
FLORIDA MEN @ HARTFORD PRIDE
07/12/2042
 
TOP OF THE 1ST
Florida Men batting - Pitching for Hartford Pride : RHP Rook Ellington
Pitching: RHP Rook Ellington
Batting: RHB Marcos Janero 0-0: DOUBLE (Flyball, 8RD, EV 90.0 MPH)
Batting: LHB Basava Puri 0-0: Ball
1-0: Called Strike
Marcos Janero is caught stealing 3rd base 2-5
1-1: Ball
2-1: Ground out 3-1 (Groundball, 34, EV 98.8 MPH)
Batting: LHB Edward Kisiner 0-0: Called Strike
0-1: Called Strike
0-2: Fly out, F6 (Popup, 6M, EV 52.5 MPH)
Top of the 1st over - 0 runs, 1 hit, 0 errors, 0 left on base; Florida 0 - Hartford 0
BOTTOM OF THE 1ST
Hartford Pride batting - Pitching for Florida Men : RHP Enrique Cruz
Pitching: RHP Enrique Cruz
Batting: SHB Alvin Peterson 0-0: Foul Ball, location: 2F
0-1: Ball
1-1: SINGLE (Groundball, 56D, EV 100.0 MPH)
Batting: RHB Katsuhiko Ishihara 0-0: Ball
1-0: Fly out, F8 (Flyball, 78D, EV 99.4 MPH)
Batting: LHB Tomás Muinos 0-0: Ball
1-0: Called Strike
1-1: Called Strike
1-2: Ball
2-2: Foul Ball, location: 2F
2-2: Strikes out swinging
Batting: RHB Emílio Agramónte 0-0: Fielders Choice at 2nd, 6-4 (Groundball, 6, EV 106.2 MPH)
Bottom of the 1st over - 0 runs, 1 hit, 0 errors, 1 left on base; Florida 0 - Hartford 0
TOP OF THE 2ND
Florida Men batting - Pitching for Hartford Pride : RHP Rook Ellington
Batting: RHB Walke Mehoff 0-0: Called Strike
0-1: Ground out 5-3 (Groundball, 5L, EV 87.5 MPH)
Batting: LHB Jim Halpert 0-0: Swinging Strike
0-1: Swinging Strike
0-2: Ball
1-2: Foul Ball, location: 2F
1-2: Reached on error, E6 (Groundball, 6M, EV 84.4 MPH)
Batting: RHB Tristan Eikelenboom 0-0: Ball
1-0: Foul Ball, location: 2F
1-1: SINGLE (Groundball, 56D, EV 97.5 MPH)
Jim Halpert to second
Batting: RHB Pellervo Rintanen 0-0: Called Strike
0-1: Fielders Choice at 2nd, 5-4 (Groundball, 5, EV 82.5 MPH)
Jim Halpert to third
Batting: LHB Peter Metellus 0-0: Ground out 4-3 (Groundball, 4, EV 101.9 MPH)
Top of the 2nd over - 0 runs, 1 hit, 1 error, 2 left on base; Florida 0 - Hartford 0
BOTTOM OF THE 2ND
Hartford Pride batting - Pitching for Florida Men : RHP Enrique Cruz
Batting: RHB Hani Azwan 0-0: Ball
1-0: Swinging Strike
1-1: Ball
2-1: Ball
3-1: DOUBLE (Line Drive, 5D, EV 97.5 MPH)
Batting: RHB Angeddy Almanzar 0-0: SINGLE (Groundball, 56D, EV 95.0 MPH)
Hani Azwan to third
Runner from 3rd tries for Home, SAFE, no throw by LF
Batting: RHB Barend Huijbregts 0-0: Fly out, F9 (Flyball, 89XD, EV 93.1 MPH)
Batting: RHB Nathan Pruitt 0-0: Ball
1-0: Ball
2-0: Foul Ball, location: 2F
2-1: Foul Ball, location: 2F
2-2: Ball
3-2: Foul Ball, location: 2F
3-2: Grounds into double play, 6-4-3 (Groundball, 6, EV 91.2 MPH)
Bottom of the 2nd over - 1 run, 2 hits, 0 errors, 0 left on base; Florida 0 - Hartford 1
TOP OF THE 3RD
Florida Men batting - Pitching for Hartford Pride : RHP Rook Ellington
Batting: LHB Carlos Campos 0-0: Foul Ball, location: 2F
0-1: Ball
1-1: Ball
2-1: Ground out 6-3 (Groundball, 6, EV 103.8 MPH)
Batting: RHB Marcos Janero 0-0: Ground out 6-3 (Groundball, 6, EV 104.4 MPH)
Batting: LHB Basava Puri 0-0: Fly out, F8 (Flyball, 78D, EV 104.4 MPH)
Top of the 3rd over - 0 runs, 0 hits, 0 errors, 0 left on base; Florida 0 - Hartford 1
BOTTOM OF THE 3RD
Hartford Pride batting - Pitching for Florida Men : RHP Enrique Cruz
Batting: LHB Jorge Ortíz 0-0: Foul Ball, location: 2F
0-1: SINGLE (Groundball, 34D, EV 102.5 MPH)
Batting: SHB Alvin Peterson 0-0: Called Strike
0-1: Fly out, F8 (Flyball, 78D, EV 93.8 MPH)
Batting: RHB Katsuhiko Ishihara 0-0: Ball
1-0: SINGLE (Flyball, 34D, EV 102.5 MPH)
Jorge Ortíz to second
Runner from 2nd tries for 3rd, SAFE, no throw by RF
Batting: LHB Tomás Muinos 0-0: Fly out, F8 (Flyball, 89D, EV 101.9 MPH)
Runner from 3rd tags up, SCORES, throw by CF
Batting: RHB Emílio Agramónte 0-0: Foul Ball, location: 2F
0-1: Ball
1-1: Ball
2-1: Called Strike
2-2: Fielders Choice at 2nd, 5-4 (Groundball, 56, EV 86.9 MPH)
Bottom of the 3rd over - 1 run, 2 hits, 0 errors, 1 left on base; Florida 0 - Hartford 2
TOP OF THE 4TH
Florida Men batting - Pitching for Hartford Pride : RHP Rook Ellington
Batting: LHB Edward Kisiner 0-0: Ball
1-0: Called Strike
1-1: Fly out, F2 (Popup, 2LF, EV 88.1 MPH)
Batting: RHB Walke Mehoff 0-0: Fly out, F7 (Flyball, 7LMF, EV 89.4 MPH)
Batting: LHB Jim Halpert 0-0: Called Strike
0-1: Foul Ball, location: 2F
0-2: Fly out, F4 (Line Drive, 4, EV 75.6 MPH)
Top of the 4th over - 0 runs, 0 hits, 0 errors, 0 left on base; Florida 0 - Hartford 2
BOTTOM OF THE 4TH
Hartford Pride batting - Pitching for Florida Men : RHP Enrique Cruz
Batting: RHB Hani Azwan 0-0: Ball
1-0: Foul Ball, location: 2F
1-1: Ground out 5-3 (Groundball, 56S, EV 85.6 MPH)
Batting: RHB Angeddy Almanzar 0-0: Swinging Strike
0-1: Foul Ball, location: 2F
0-2: Strikes out swinging
Batting: RHB Barend Huijbregts 0-0: Ball
1-0: DOUBLE (Groundball, 5L, EV 95.0 MPH)
Batting: RHB Nathan Pruitt 0-0: Ball
1-0: Ball
2-0: Foul Ball, location: 2F
2-1: Fly out, F7 (Flyball, 78M, EV 86.2 MPH)
Bottom of the 4th over - 0 runs, 1 hit, 0 errors, 1 left on base; Florida 0 - Hartford 2
TOP OF THE 5TH
Florida Men batting - Pitching for Hartford Pride : RHP Rook Ellington
Batting: RHB Tristan Eikelenboom 0-0: Called Strike
0-1: Swinging Strike
0-2: Foul Ball, location: 2F
0-2: Ball
1-2: SINGLE (Line Drive, 4MD, EV 108.1 MPH)
Batting: RHB Pellervo Rintanen 0-0: Called Strike
0-1: Ball
1-1: Ball
2-1: Fly out, F4 (Popup, 4, EV 54.4 MPH)
Batting: LHB Peter Metellus 0-0: Ball
1-0: Foul Ball, location: 2F
1-1: Ball
2-1: Grounds into double play, 6-4-3 (Groundball, 6, EV 83.8 MPH)
Top of the 5th over - 0 runs, 1 hit, 0 errors, 0 left on base; Florida 0 - Hartford 2
BOTTOM OF THE 5TH
Hartford Pride batting - Pitching for Florida Men : RHP Enrique Cruz
Batting: LHB Jorge Ortíz 0-0: Foul Ball, location: 2F
0-1: Ball
1-1: Fly out, F8 (Flyball, 8RD, EV 103.8 MPH)
Batting: SHB Alvin Peterson 0-0: Ball
1-0: Ball
2-0: Called Strike
2-1: Ball
3-1: Base on Balls
Batting: RHB Katsuhiko Ishihara 0-0: Ball
1-0: Called Strike
1-1: Grounds into double play, 5-4-3 (Groundball, 56, EV 86.2 MPH)
Bottom of the 5th over - 0 runs, 0 hits, 0 errors, 0 left on base; Florida 0 - Hartford 2
TOP OF THE 6TH
Florida Men batting - Pitching for Hartford Pride : RHP Rook Ellington
Batting: LHB Carlos Campos 0-0: Foul Ball, location: 2F
0-1: Foul Ball, location: 2F
0-2: Foul Ball, location: 2F
0-2: Strikes out looking
Batting: RHB Marcos Janero 0-0: Ground out 6-3 (Groundball, 6, EV 103.1 MPH)
Batting: LHB Basava Puri 0-0: Ball
1-0: Ball
2-0: Foul Ball, location: 2F
2-1: SOLO HOME RUN (Flyball, 89XD, EV 105.6 MPH), Distance : 429 ft
Batting: LHB Edward Kisiner 0-0: Called Strike
0-1: Foul Ball, location: 2F
0-2: Ball
1-2: Fly out, F7 (Flyball, 7, EV 88.8 MPH)
Top of the 6th over - 1 run, 1 hit, 0 errors, 0 left on base; Florida 1 - Hartford 2
BOTTOM OF THE 6TH
Hartford Pride batting - Pitching for Florida Men : RHP Enrique Cruz
Batting: LHB Tomás Muinos 0-0: Called Strike
0-1: Foul Ball, location: 2F
0-2: Strikes out swinging
Batting: RHB Emílio Agramónte 0-0: Called Strike
0-1: Called Strike
0-2: Fly out, F4 (Popup, 4, EV 73.8 MPH)
Batting: RHB Hani Azwan 0-0: Ball
1-0: DOUBLE (Line Drive, 5D, EV 94.4 MPH)
Batting: RHB Angeddy Almanzar 0-0: Intentional Walk
Batting: RHB Barend Huijbregts 0-0: Called Strike
0-1: Ball
1-1: Swinging Strike
1-2: Ball
2-2: Ball
3-2: Base on Balls
Hani Azwan to third
Angeddy Almanzar to second
Batting: RHB Nathan Pruitt 0-0: Ball
1-0: Ball
2-0: Foul Ball, location: 2F
2-1: Ball
3-1: Swinging Strike
3-2: Foul Ball, location: 2F
3-2: Base on Balls
Hani Azwan scores
Angeddy Almanzar to third
Barend Huijbregts to second
Batting: LHB Jorge Ortíz 0-0: Foul Ball, location: 2F
0-1: Reached via error on a dropped throw from SS, E4 (Groundball, 6D, EV 96.9 MPH)
Angeddy Almanzar scores
Barend Huijbregts to third
Nathan Pruitt to second
Batting: SHB Alvin Peterson 0-0: Foul Ball, location: 2F
0-1: Hit by Pitch
Barend Huijbregts scores
Nathan Pruitt to third
Jorge Ortíz to second
Pitching: RHP John Fain
Batting: RHB Katsuhiko Ishihara 0-0: Called Strike
0-1: Called Strike
0-2: Ball
1-2: Foul Ball, location: 2F
1-2: SINGLE (Groundball, 56D, EV 101.2 MPH)
Nathan Pruitt scores
Jorge Ortíz to third
Alvin Peterson to second
Runner from 3rd tries for Home, SAFE, no throw by LF
Batting: LHB Tomás Muinos 0-0: Ball
1-0: Ball
2-0: Swinging Strike
2-1: Ball
3-1: Base on Balls
Alvin Peterson to third
Katsuhiko Ishihara to second
Batting: RHB Emílio Agramónte 0-0: Called Strike
0-1: Ball
1-1: Ball
2-1: Foul Ball, location: 2F
2-2: Strikes out swinging
Bottom of the 6th over - 5 runs, 2 hits, 1 error, 3 left on base; Florida 1 - Hartford 7
TOP OF THE 7TH
Florida Men batting - Pitching for Hartford Pride : RHP Rook Ellington
Batting: RHB Walke Mehoff 0-0: Ball
1-0: Ground out 6-3 (Groundball, 6, EV 83.8 MPH)
Batting: LHB Jim Halpert 0-0: Ball
1-0: Called Strike
1-1: Ball
2-1: Foul Ball, location: 2F
2-2: Foul Ball, location: 2F
2-2: Ball
3-2: Ground out 1-3 (Groundball, P, EV 88.1 MPH)
Batting: RHB Tristan Eikelenboom 0-0: Called Strike
0-1: Ball
1-1: Foul Ball, location: 2F
1-2: Foul Ball, location: 2F
1-2: Foul Ball, location: 2F
1-2: SINGLE (Groundball, 34D, EV 95.0 MPH)
Batting: RHB Pellervo Rintanen 0-0: Ball
1-0: Called Strike
1-1: SINGLE (Line Drive, 8RS, EV 101.9 MPH)
Tristan Eikelenboom to second
Batting: LHB Peter Metellus 0-0: Swinging Strike
0-1: Swinging Strike
0-2: Ball
1-2: Foul Ball, location: 2F
1-2: Strikes out swinging
Top of the 7th over - 0 runs, 2 hits, 0 errors, 2 left on base; Florida 1 - Hartford 7
BOTTOM OF THE 7TH
Hartford Pride batting - Pitching for Florida Men : RHP John Fain
Batting: RHB Hani Azwan 0-0: Fly out, F8 (Flyball, 8RM, EV 78.8 MPH)
Batting: RHB Angeddy Almanzar 0-0: Fly out, F6 (Line Drive, 6, EV 74.4 MPH)
Batting: RHB Barend Huijbregts 0-0: Called Strike
0-1: Ball
1-1: Ball
2-1: Ball
3-1: Base on Balls
Batting: RHB Nathan Pruitt 0-0: Ball
1-0: Ball
2-0: Called Strike
2-1: Foul Ball, location: 2F
2-2: SINGLE (Groundball, 6D, EV 107.5 MPH)
Barend Huijbregts to second
Batting: LHB Jorge Ortíz 0-0: Ball
1-0: Ball
2-0: SINGLE (Line Drive, 9S, EV 111.2 MPH)
Barend Huijbregts to third
Nathan Pruitt to second
Runner from 3rd tries for Home, SAFE, no throw by RF
Pinch Hitting: RHB Hal Larson 0-0: Ball
1-0: Fly out, F4 (Popup, 34, EV 50.6 MPH)
Bottom of the 7th over - 1 run, 2 hits, 0 errors, 2 left on base; Florida 1 - Hartford 8
TOP OF THE 8TH
Florida Men batting - Pitching for Hartford Pride : RHP Rook Ellington
Now at SS: Hal Larson
Batting: LHB Carlos Campos 0-0: Ground out 6-3 (Groundball, 6, EV 81.2 MPH)
Batting: RHB Marcos Janero 0-0: Ball
1-0: Fly out, F9 (Flyball, 9D, EV 102.5 MPH)
Batting: LHB Basava Puri 0-0: Called Strike
0-1: DOUBLE (Flyball, 8RXD, EV 104.4 MPH)
Batting: LHB Edward Kisiner 0-0: Ball
1-0: Called Strike
1-1: Swinging Strike
1-2: Strikes out looking
Top of the 8th over - 0 runs, 1 hit, 0 errors, 1 left on base; Florida 1 - Hartford 8
BOTTOM OF THE 8TH
Hartford Pride batting - Pitching for Florida Men : RHP John Fain
Pinch Hitting: RHB Eugene McClellan 0-0: Foul Ball, location: 2F
0-1: Foul Ball, location: 2F
0-2: Ball
1-2: Ball
2-2: Ball
3-2: Hit by Pitch
Batting: LHB Tomás Muinos 0-0: Ball
1-0: Ball
2-0: Grounds into double play, 4-6-3 (Groundball, 4, EV 81.9 MPH)
Pinch Hitting: RHB Joshua Cadaval 0-0: Foul Ball, location: 2F
0-1: Ground out 5-3 (Groundball, 5, EV 111.9 MPH)
Bottom of the 8th over - 0 runs, 0 hits, 0 errors, 0 left on base; Florida 1 - Hartford 8
TOP OF THE 9TH
Florida Men batting - Pitching for Hartford Pride : RHP Rook Ellington
Now at 1B: Sadatake Abe
Now at 2B: Eugene McClellan
Batting: RHB Walke Mehoff 0-0: Called Strike
0-1: SOLO HOME RUN (Flyball, 7D, EV 89.4 MPH), Distance : 368 ft
Batting: LHB Jim Halpert 0-0: Foul Ball, location: 2F
0-1: Ground out 6-3 (Groundball, 6, EV 88.8 MPH)
Batting: RHB Tristan Eikelenboom 0-0: Called Strike
0-1: Called Strike
0-2: SINGLE (Line Drive, 9LS, EV 97.5 MPH)
Batting: RHB Pellervo Rintanen 0-0: Called Strike
0-1: Fly out, F5 (Popup, 5SF, EV 84.4 MPH)
Batting: LHB Peter Metellus 0-0: Called Strike
0-1: Ground out 1-3 (Groundball, P, EV 88.8 MPH)
Top of the 9th over - 1 run, 2 hits, 0 errors, 1 left on base; Florida 2 - Hartford 8
Friday, March 26th, 2021 - OOTP Baseball 20.8 Build 74